AoeStats
← tarepo

MegaRandom

505627210Analyzed
1v1 RM · 21d ago on Sep 10, 2026· 22m 47s· 2 players
Game mode
Random Map
Map size
Tiny (2 player)
Population
200
Speed
Normal
Resources
Standard
Victory
Conquest
Starting age
Dark Age
Ending age
Imperial Age
RankedLock teamsTeams togetherTeam positionsShared explorationLock speedFull tech treeHidden civsTurbo modeCheats
Victory
Defeat
🇹🇷 Wu · Türkiye
437
+17
🇨🇭 Japanese · Switzerland
449
-17
murat.macit
0:30 Loom
11:38 Feudal Age
12:10 Town Watch
15:32 Fishing Lines
16:57 Wheelbarrow
16:37 Double-Bit Axe
22:41 Castle Age
22:09 Fletching
tarepo
10:22 Loom
12:22 Feudal Age
14:54 Town Watch
17:48 Castle Age
17:09 Double-Bit Axe
19:01 Wheelbarrow
18:48 Bow Saw
19:41 Stone Mining
19:43 Gold Mining
21:58 Hand Cart
23:19 Gold Shaft Mining
Connection lost

Rejoining the realm…

Still unreachable

The connection could not be restored.

Session expired

The server has moved on; the page needs a fresh start.